 Dungeon Sprint DCSS version 0.30-a0-272-gf98c3da03f (webtiles) character file.

Game seed: 13984516996483111252

32254 rocky1 the Fencer (level 13, 0/108 HPs)
             Began as a Djinni Fire Elementalist on Oct 16, 2022.
             Was an Initiate of Gozag.
             Slain by a dire elephant (22 damage)
             ... in the Dungeon (Sprint III: "The Ten Rune Challenge").
             The game lasted 00:24:52 (2564 turns).

rocky1 the Fencer (Djinni Fire Elementalist)        Turns: 2564, Time: 00:24:53

Health: 0/108      AC:  8    Str:  7    XL:     13   Next: 3%
Gold:   3042       EV: 20    Int: 18    God:    Gozag SH:  7 Dex: 18

rFire   + + +      SeeInvis +    r - +2 scimitar (flame)
rCold   + + +      Faith    .    x - +0 buckler of Quantum Leap {rF+ rC+ Regen+ Stlth+}
rNeg    . . .      Spirit   .    y - +4 skin of Zhor {*Englaciate rC+++ SInv}
rPois   ∞          Reflect  .    (no helmet)
rElec   .          Harm     .    i - +0 cloak
rCorr   .          Rampage  .    (no gloves)
Will    +....      NoTele   +    (boots unavailable)
Stlth   ++++......               (no amulet)
HPRegen 1.18/turn                H - +4 ring of slaying
MPRegen 0.00/turn                u - +4 ring of slaying

@: gold aura, flying
A: sickness immunity, fire resistance 2, cold vulnerability 1, float, innate
caster, HP casting, extra vitality 1
}: 1/10 runes: serpentine
a: Renounce Religion, Potion Petition, Call Merchant, Bribe Branch


You were in the Dungeon.
You worshipped Gozag.
Gozag was most pleased with you.
You visited 1 branch You collected 12790 gold pieces.
You spent 6676 gold pieces at shops.
You paid 3072 gold pieces to Gozag.

Inventory:

Hand Weapons
 a - a +0 vorpal double sword
 q - a +2 long sword of holy wrath
 r - a +2 scimitar of flaming (weapon)
Missiles
 l - 6 silver javelins
 L - 2 throwing nets
Armour
 i - a +0 cloak (worn)
 s - a +0 robe of willpower
 x - the +0 buckler of Quantum Leap (worn) {rF+ rC+ Regen+ Stlth+}
   (You bought it in a shop in the Dungeon)

   rF:        It protects you from fire.
   rC:        It protects you from cold.
   Regen:     It increases your rate of health regeneration.
   Stlth:     It makes you more stealthy.
 y - the +4 skin of Zhor (worn) {*Englaciate rC+++ SInv}
   (You bought it in a shop in the Dungeon)

   It radiates cold, occasionally slowing all nearby creatures who are not
   resistant to cold.
   rC:        It renders you almost immune to cold.
   SInv:      It lets you see invisible.
 A - a +0 ring mail of cold resistance
 D - a +0 chain mail of cold resistance
 E - a +0 scale mail of willpower
 I - the +6 ring mail of a treasure trove {rElec rPois rF-}
   (You found it in the Dungeon)

   rF:        It makes you vulnerable to fire.
   rElec:     It insulates you from electricity.
   rPois:     It protects you from poison.
 M - a +3 ring mail of willpower
Jewellery
 t - a +4 ring of protection
 u - a +4 ring of slaying (right hand)
 v - the ring of Shadows {Umbra +Inv Stlth+}
   (You bought it in a shop in the Dungeon)

   [ring of stealth]

   It surrounds you with an aura of shadow, increasing your stealth and reducing
   the accuracy of all others within it.
   +Inv:      It lets you turn invisible.
   Stlth:     It makes you more stealthy.
 H - a +4 ring of slaying (left hand)
 K - a +6 ring of dexterity
Wands
 C - a wand of roots (6)
Scrolls
 f - 2 scrolls of blinking
 g - a scroll of fear
 k - a scroll of torment
 n - a scroll of poison
 B - a scroll of enchant weapon {unknown}
 G - a scroll of identify
 J - a scroll of vulnerability {unknown}
Potions
 b - 6 potions of curing
 c - 2 potions of heal wounds
 d - a potion of haste
 e - 2 potions of invisibility
 h - a potion of lignification {unknown}
 j - 2 potions of mutation {unknown}
 m - 2 potions of ambrosia
 o - 3 potions of cancellation
 w - 4 potions of might
 z - a potion of berserk rage
 F - a potion of attraction
Miscellaneous
 p - a phial of floods


   Skills:
 - Level 15.3 Fighting
 + Level 16.3 Long Blades
 - Level 9.3 Armour
 - Level 12.5 Dodging
 - Level 6.1 Stealth
 + Level 10.9 Shields
 - Level 10.0 Spellcasting


You couldn't memorise any spells.
You knew the following spells:

 Your Spells              Type           Power      Damage    Failure   Level
a - Foxfire               Conj/Fire      100%       2x1d9     1%          1
b - Scorch                Fire           90%        2d10      1%          2
c - Kindle Blastsparks    Fire/Tloc/Air  90%        2d17      1%          3
d - Inner Flame           Hex/Fire       45%        N/A       1%          3
e - Flame Wave            Conj/Fire      45%        2d12      1%          4
f - Kiss of Death         Conj/Necr      100%       2d13      1%          1
g - Static Discharge      Conj/Air       90%        2-6/arc   1%          2
h - Poisonous Vapours     Pois/Air       90%        N/A       1%          2
i - Airstrike             Air            22%        2d(4-20)  1%          4
j - Agony                 Necr           45%        N/A       4%          5
k - Silence               Hex/Air        22%        N/A       4%          5
Your spell library was empty.

Dungeon Overview and Level Annotations

Branches:
Dungeon (1/1)

Altars:
Cheibriados
Dithmenos
Elyvilon
Fedhas
Gozag
Hepliaklqana
Makhleb
Nemelex Xobeh
Okawaru
Qazlal
Ru
Trog
Uskayaw
Wu Jian
Xom
Yredelemnul
Zin
The Shining One
Jiyva
Lugonu

Shops:
D :[!=


Innate Abilities, Weirdness & Mutations

You are immune to sickness and miasma.
You are immune to poison.
Your flesh is very heat resistant. (rF++)
You are vulnerable to cold. (rC-)
You float through the air rather than walking.
You learn spells naturally, not from books.
Your magical power is your life essence.
You have superior vitality. (+4 MHP)


Message History

You radiate an aura of cold.
Gastronok resists.
The dire elephant resists. x2
You slash Gastronok! You burn Gastronok.
You kill Gastronok!
You hear a splash.
The bat disappears in a puff of smoke!
You have reached level 13!
The power to cast Silence wells up from within.
Spell assigned to 'k'.
Unknown command.
You slash the dire elephant! You burn the dire elephant.
The dire elephant is lightly wounded.
The dire elephant misses you. The dire elephant trunk-slaps you.
You slice the dire elephant!! You burn the dire elephant.
The dire elephant is moderately wounded.
You slice the dire elephant!! You burn the dire elephant.
The dire elephant is heavily wounded.
You block the dire elephant's attack. The dire elephant closely misses you.
You hit the dire elephant. You burn the dire elephant.
The dire elephant is heavily wounded.
The dire elephant tramples you.
You hold your ground!
The dire elephant closely misses you.
You slice the dire elephant!! You burn the dire elephant.
The dire elephant is severely wounded.
You hit the dire elephant but do no damage.
The dire elephant is severely wounded.
The dire elephant tramples you!!
You are shoved backwards!
You slash the dire elephant! You burn the dire elephant.
The dire elephant is almost dead.
You slash the dire elephant! You burn the dire elephant.
The dire elephant is lightly wounded.
The dire elephant tramples you!!
* * * LOW HITPOINT WARNING * * *
You hold your ground!
The dire elephant completely misses you.
Unknown command.
The dire elephant closely misses you. x2
The dire elephant attacks as you move away!
The dire elephant tramples you!!
You die...
Your body crumbles into a pile of gold.

###†.##..####...#)..######'#.#.#*
.....##..###....#.⌠.#__#..)#)####
##..##...##.....#...#__#..)#)§~~~
#..##....#.)....#)###__#...#)#§§§
..###..##.#.....#.::#__#...).#§§.
..# #..*####....#___#__'...#.#...
▓▓▓▓▓▓▓▓▓▓▓▓▓▓▓▓▓▓▓▓▓▓▓▓▓▓▓▓▓▓▓▓▓
...+≈≈≈§~≈§~.♣♣.....♣♣♣♣~~~......
..P#~.≈§~≈~≈~♣♣Y@≈≈≈'♣♣'♣≈≈≈≈≈≈≈≈
.PP#~~§§§§§§.$'Y....#.~♣♣♣♣♣♣♣♣♣♣
YYP#≈≈~≈§§§~≈♣♣♣♣♣♣♣#..♣♣
.Y!#.~≈~~§§§≈♣ ###'♣♣♣♣♣♣♣♣♣
##'####'#######♣ ♣♣♣♣.##..##~~~
...w..Y..).....♣* ♣...##.##.#~~~
#+#############+* ♣♣.##.##[##'~~
.JJ#~,,,,,,,,,,,* ♣..#.##...#~~
..J+~~,,,********** ♣♣.##.##..#≈.


You could see 2 dire elephants.

Vanquished Creatures
  Rupert (D)
  Gastronok (D)
  A nagaraja (D)
  2 hydras (D)
  An anaconda (D)
  A naga warrior (D)
  Erica (D)
  A centaur warrior (D)
  An orc high priest (D)
  Urug (D)
  A death drake (D)
  A spriggan druid (D)
  An orc knight (D)
  A lindwurm (D)
  A deep elf pyromancer (D)
  A guardian serpent (D)
  A black mamba (D)
  2 cane toads (D)
  An unseen horror (D)
  A rime drake (D)
  3 wandering mushrooms (D)
  A komodo dragon (D)
  A queen bee (D)
  2 tyrant leeches (D)
  5 blink frogs (D)
  2 spriggans (D)
  A shadow (D)
  3 redbacks (D)
  A spatial vortex (D)
  2 nagas (D)
  3 hydra simulacra (D)
  8 water moccasins (D)
  2 orc warriors (D)
  A swamp drake (D)
  2 centaurs (D)
  An earth elemental (D)
  A water elemental (D)
  A necrophage (D)
  32 killer bees (D)
  An electric eel (D)
  3 orc priests (D)
  A jelly (D)
  Crazy Yiuf (D)
  Jessica (D)
  A wizard (D)
  2 orc wizards (D)
  A necromancer (D)
  A polar bear simulacrum (D)
  3 humans (D)
  A kobold demonologist (D)
  4 adders (D)
  9 orcs (D)
  An endoplasm (D)
  2 rats (D)
126 creatures vanquished.

Vanquished Creatures (others)
  81 foxfires (D)
  3 plants (D)
84 creatures vanquished.

Grand Total: 210 creatures vanquished

Notes
Turn   | Place    | Note
-------+----------+-------------------------------------------
     0 | D        | rocky1 the Djinni Fire Elementalist began the quest for the
                  | Orb.
     0 | D        | rocky1 set off with the following spells memorised:
                  | Foxfire, Scorch, Kindle Blastsparks, Inner Flame, Flame
                  | Wave.
     0 | D        | Reached XP level 1. HP: 15/15 MP: 0/0
    68 | D        | Noticed Jessica
    74 | D        | Killed Jessica
    75 | D        | Reached XP level 2. HP: 18/24 MP: 0/0
    75 | D        | Reached XP level 3. HP: 22/29 MP: 0/0
    75 | D        | Learned a level 1 spell: Kiss of Death
   172 | D        | Noticed Crazy Yiuf
   176 | D        | Killed Crazy Yiuf
   177 | D        | Reached XP level 4. HP: 29/37 MP: 0/0
   203 | D        | Noticed a water elemental
   207 | D        | Killed a water elemental
   208 | D        | Reached skill level 5 in Dodging
   208 | D        | Reached XP level 5. HP: 23/42 MP: 0/0
   208 | D        | Learned a level 2 spell: Static Discharge
   294 | D        | Reached skill level 5 in Fighting
   294 | D        | Reached skill level 5 in Stealth
   306 | D        | Noticed a shadow
   315 | D        | Killed a shadow
   316 | D        | Reached skill level 5 in Spellcasting
   316 | D        | Reached XP level 6. HP: 17/51 MP: 0/0
   443 | D        | Found a blossoming altar of Fedhas.
   443 | D        | Found a stormy altar of Qazlal.
   443 | D        | Found a snail-covered altar of Cheibriados.
   443 | D        | Found a burning altar of Makhleb.
   443 | D        | Found a shimmering altar of Xom.
   444 | D        | Found a hazy altar of Hepliaklqana.
   444 | D        | Found an opulent altar of Gozag.
   444 | D        | Found a sparkling altar of Nemelex Xobeh.
   444 | D        | Found a corrupted altar of Lugonu.
   444 | D        | Found a viscous altar of Jiyva.
   444 | D        | Noticed a spatial vortex
   448 | D        | Became a worshipper of Gozag Ym Sagoz the Greedy
   473 | D        | Found a glowing silver altar of Zin.
   473 | D        | Found a glowing golden altar of the Shining One.
   473 | D        | Found a white marble altar of Elyvilon.
   473 | D        | Noticed a deep elf pyromancer
   478 | D        | Killed a deep elf pyromancer
   479 | D        | Reached XP level 7. HP: 46/61 MP: 0/0
   479 | D        | Learned a level 2 spell: Poisonous Vapours
   479 | D        | Reached XP level 8. HP: 51/67 MP: 0/0
   536 | D        | Noticed an orange demon
   553 | D        | Reached skill level 1 in Long Blades
   667 | D        | Found a hide-covered altar of Uskayaw.
   667 | D        | Found an iron altar of Okawaru.
   667 | D        | Found a bloodstained altar of Trog.
   667 | D        | Found an ornate altar of the Wu Jian Council.
   667 | D        | Noticed a human
   667 | D        | Noticed a human
   672 | D        | Killed a human
   673 | D        | Reached skill level 3 in Long Blades
   676 | D        | Killed a human
   677 | D        | Reached skill level 10 in Fighting
   677 | D        | Reached skill level 4 in Long Blades
   725 | D        | Found a basalt altar of Yredelemnul.
   725 | D        | Found a shadowy altar of Dithmenos.
   725 | D        | Found a sacrificial altar of Ru.
   777 | D        | Reached skill level 5 in Long Blades
   792 | D        | Noticed Erica
   797 | D        | Killed Erica
   798 | D        | Reached skill level 7 in Long Blades
   798 | D        | Reached XP level 9. HP: 67/76 MP: 0/0
   798 | D        | Learned a level 4 spell: Airstrike
   925 | D        | Noticed an orc high priest
   934 | D        | Noticed a soul eater
   935 | D        | Noticed an ice devil
   941 | D        | Noticed an ice devil
   942 | D        | Killed an orc high priest
   943 | D        | Reached skill level 8 in Long Blades
   948 | D        | Reached skill level 9 in Long Blades
   949 | D        | Noticed an orc knight
   983 | D        | Killed an orc knight
   984 | D        | Reached skill level 10 in Long Blades
   984 | D        | Reached XP level 10. HP: 23/84 MP: 0/0
  1087 | D        | Found Qauffaekh's Jewellery Shop.
  1148 | D        | Bought a +4 ring of protection for 504 gold pieces
  1148 | D        | Bought a +4 ring of slaying for 1092 gold pieces
  1148 | D        | Bought the ring of Shadows {Umbra +Inv Stlth+} for 560 gold
                  | pieces
  1148 | D        | Found the ring of Shadows {Umbra +Inv Stlth+}
  1251 | D        | Reached skill level 10 in Spellcasting
  1335 | D        | Bought a potion of might for 144 gold pieces
  1335 | D        | Bought a warped buckler for 342 gold pieces
  1335 | D        | Identified the +0 buckler of Quantum Leap {rF+ rC+ Regen+
                  | Stlth+} (You bought it in a shop in the Dungeon)
  1335 | D        | Bought a potion of berserk rage for 180 gold pieces
  1335 | D        | Bought a scroll labelled ZALITY ETAJYPS for 36 gold pieces
  1335 | D        | Bought a shiny ring mail for 252 gold pieces
  1335 | D        | Bought a scroll labelled ATAIRU KUM for 36 gold pieces
  1335 | D        | Bought a crooked gold wand for 144 gold pieces
  1335 | D        | Bought a scroll of identify for 72 gold pieces
  1362 | D        | Noticed a centaur warrior
  1376 | D        | Killed a centaur warrior
  1449 | D        | Killed an unseen horror
  1450 | D        | Reached skill level 11 in Long Blades
  1473 | D        | Reached XP level 11. HP: 61/92 MP: 0/0
  1473 | D        | Learned a level 5 spell: Agony
  1479 | D        | Reached skill level 12 in Long Blades
  1532 | D        | Reached skill level 5 in Shields
  1543 | D        | Reached skill level 5 in Armour
  1563 | D        | Bought a potion of degeneration for 15 gold pieces
  1563 | D        | Bought 2 potions of might for 120 gold pieces
  1563 | D        | Bought a potion of might for 60 gold pieces
  1563 | D        | Bought a potion of invisibility for 120 gold pieces
  1563 | D        | Bought a potion of berserk rage for 75 gold pieces
  1563 | D        | Bought a potion of ambrosia for 120 gold pieces
  1563 | D        | Bought a potion of invisibility for 120 gold pieces
  1591 | D        | Reached skill level 10 in Dodging
  1643 | D        | Reached skill level 13 in Long Blades
  1738 | D        | Noticed a lindwurm
  1743 | D        | Killed a lindwurm
  1757 | D        | Noticed Urug
  1763 | D        | Killed Urug
  1827 | D        | Noticed a seven-headed hydra
  1827 | D        | Noticed a six-headed hydra
  1834 | D        | Killed a six-headed hydra
  1835 | D        | Reached skill level 14 in Long Blades
  1835 | D        | Reached XP level 12. HP: 83/101 MP: 0/0
  1835 | D        | Killed a five-headed hydra
  1836 | D        | Noticed a death drake
  1847 | D        | Killed a death drake
  1911 | D        | Noticed an anaconda
  1932 | D        | Killed an anaconda
  2127 | D        | Noticed a naga warrior
  2127 | D        | Noticed a nagaraja
  2143 | D        | Killed a nagaraja
  2144 | D        | Reached skill level 15 in Fighting
  2144 | D        | Reached skill level 15 in Long Blades
  2146 | D        | Killed a naga warrior
  2270 | D        | Found Ysudomp's Book Shop.
  2270 | D        | Found Xaekuebb's Antique Armour Shoppe.
  2272 | D        | Found Padoff's Distillery.
  2280 | D        | Bought the +4 skin of Zhor {*Englaciate rC+++ SInv} for
                  | 1928 gold pieces
  2280 | D        | Found the +4 skin of Zhor {*Englaciate rC+++ SInv}
  2280 | D        | Bought a runed chain mail for 217 gold pieces
  2280 | D        | Bought a glowing scale mail for 203 gold pieces
  2283 | D        | Bought a potion of heal wounds for 60 gold pieces
  2283 | D        | Bought 2 potions of curing for 72 gold pieces
  2283 | D        | Bought a potion of cancellation for 96 gold pieces
  2283 | D        | Bought a potion of curing for 36 gold pieces
  2283 | D        | Bought a potion of attraction for 36 gold pieces
  2283 | D        | Bought a potion of curing for 36 gold pieces
  2300 | D        | Got a serpentine rune of Zot
  2358 | D        | Found a blossoming altar of Fedhas.
  2358 | D        | Noticed a spriggan druid
  2366 | D        | Killed a spriggan druid
  2409 | D        | Identified the +6 ring mail of a treasure trove {rElec
                  | rPois rF-}
  2483 | D        | Noticed Rupert
  2494 | D        | Killed Rupert
  2495 | D        | Reached skill level 16 in Long Blades
  2495 | D        | Reached skill level 10 in Shields
  2509 | D        | Noticed an azure jelly
  2509 | D        | Noticed an azure jelly
  2509 | D        | Noticed an azure jelly
  2509 | D        | Noticed an azure jelly
  2511 | D        | Noticed a dire elephant
  2511 | D        | Noticed a dire elephant
  2511 | D        | Noticed Gastronok
  2553 | D        | Killed Gastronok
  2554 | D        | Reached XP level 13. HP: 79/108 MP: 0/0
  2554 | D        | Learned a level 5 spell: Silence
  2564 | D        | Slain by a dire elephant

Illustrated notes

Levels and vault maps discovered:
D:        dungeon_sprint_mu [sprint_mu_entry_cave, sprint_mu_temple_rooms,
          sprint_mu_d1_horrors, sprint_mu_d2_genie, sprint_mu_d3_branching,
          sprint_mu_orc_legion, sprint_mu_elf_gauntlet, sprint_mu_hive_nellie,
          sprint_mu_lair_fedhas, sprint_mu_vaults_butterflies,
          sprint_mu_slime_circle, sprint_mu_shoals_archi,
          sprint_mu_snake_twists, sprint_mu_blade_basic,
          sprint_mu_crypt_fortress, sprint_mu_tomb_spiral,
          sprint_mu_vestibule_basic, sprint_mu_gehenna_hellfire,
          sprint_mu_dis_giant, sprint_mu_tartarus_statrot,
          sprint_mu_cocytus_islands, sprint_mu_zot1]

Skill      XL: |  1  2  3  4  5  6  7  8  9 10 11 12 |
---------------+-------------------------------------+-----
Fighting       | 2 3 4 6 9 11 12 13 14 15 | 15.3
Dodging        | 3 4 5 7 9 11 12 | 12.5
Stealth        | 3 4 6 |  6.1
Spellcasting   | 3 4 5 7 9 10 | 10.0
Long Blades    | 7 10 11 14 16 | 16.3
Armour         | 4 7 9 |  9.3
Shields        | 4 7 10 | 10.9

Action                   |  1- 3 |  4- 6 |  7- 9 | 10-12 | 13-15 || total
-------------------------+-------+-------+-------+-------+-------++-------
Melee: Long sword        |       |       |    19 |       |       ||    19
       Scimitar          |       |       |    14 |   177 |     8 ||   199
 Cast: Foxfire           |    13 |     5 |     8 |    20 |       ||    46
       Scorch            |     5 |    16 |    31 |    60 |       ||   112
       Flame Wave        |       |       |       |     8 |       ||     8
       Poisonous Vapours |       |       |       |     1 |       ||     1
       Kindle Blastspark |       |       |       |     1 |       ||     1
Invok: Potion Petition   |       |       |     1 |     2 |       ||     3
       Call Merchant     |       |       |       |     2 |       ||     2
  Use: Potion            |       |       |     1 |     2 |       ||     3
       Scroll            |       |       |       |     5 |       ||     5
 Stab: Sleeping          |       |       |       |     4 |       ||     4
       Invisible         |       |       |       |     2 |       ||     2
       Distracted        |       |       |       |     1 |       ||     1
Armor: Robe              |       |     1 |     1 |     1 |       ||     3
       Ring mail         |       |       |       |    35 |       ||    35
Dodge: Dodged            |     2 |     4 |    18 |    93 |     6 ||   123
Block: Buckler           |       |       |       |    31 |     1 ||    32

Table legend: (Time is in decaauts)
 A = Elapsed time spent in this place.
 B = Non-inter-level travel time spent in this place.
 C = Inter-level travel time spent in this place.
 D = Time resting spent in this place.
 E = Time spent auto-exploring this place.
 F = Levels seen in this place.
 G = Mean time per level.
                   A        B        C        D        E       F      G
               +--------+--------+--------+--------+--------+-----+--------+
         Total |   2539 |   2475 |     64 |   1102 |      0 |   1 | 2539.0 |
       Dungeon |   2539 |   2475 |     64 |   1102 |      0 |   1 | 2539.0 |
               +--------+--------+--------+--------+--------+-----+--------+

Top non-repeatable levels by time:
       D: 2539 daAuts
